 Dungeon Crawl Stone Soup version 0.21-a0-578-gc6e9d75 (webtiles) character file.

44713 Inus the Polluter (level 14, 0/117 HPs)
             Began as an Octopode Venom Mage on Dec 18, 2017.
             Was an Elder of Sif Muna.
             Succumbed to a sea snake's poison
             ... on level 6 of the Lair of Beasts on Dec 19, 2017.
             The game lasted 01:45:58 (27017 turns).

Inus the Polluter (Octopode Venom Mage)            Turns: 27017, Time: 01:45:58

Health: 0/117      AC: 13    Str: 14    XL:     14   Next: 29%
Magic:  5/37       EV: 19    Int: 23    God:    Sif Muna [****..]
Gold:   1077       SH:  8    Dex: 12    Spells: 3/33 levels left

rFire    + + .     SeeInvis .   K - +4 scimitar of Blind Justice {protect, rElec rF++ rN+ MP+9}
rCold    + + +     Gourm    .   L - +3 buckler {rN+}
rNeg     + + +     Faith    .   (helmet restricted)
rPois    +         Spirit   .   W - amulet of Heresy {RegenMP Fragile MR++ Int+2}
rElec    +         Reflect  .   c - +3 ring of protection
rCorr    +         Harm     .   s - ring of wizardry
MR       ++...                  r - ring of wizardry
Stlth    ..........             D - ring of resist corrosion
HPRegen  0.29/turn              Q - +1 ring of protection
MPRegen  0.50/turn              Y - ring "Sinkont" {rElec rPois rC+}
                                O - ring of stealth
                                T - ring of Midnight {rC+++ rN++ MR- Int-2 Slay+2}

@: berserking (expiring), lethally poisoned (0 -> -15), protection aura,
studying Crossbows, very quick
A: almost no armour, stealthy swim, amphibious, 8 rings, constrict 8, rugged
brown scales 1, camouflage 1, clever 1, wild magic 1, gelatinous body 1,
MP-powered wands
a: Divine Energy, Channel Magic, Forget Spell, Renounce Religion


You were on level 6 of the Lair of Beasts.
You worshipped Sif Muna.
Sif Muna was greatly pleased with you.
You were not hungry.

You visited 4 branches of the dungeon, and saw 21 of its levels.
You also visited: Sewer.

You collected 1453 gold pieces.
You spent 376 gold pieces at shops.

Inventory:

Hand Weapons
 n - a +0 hand crossbow
 q - a +0 spear
 w - a +5 war axe of holy wrath
 K - the +4 scimitar of Blind Justice (weapon) {protect, rElec rF++ rN+ MP+9}
   (You found it on level 11 of the Dungeon)

   It protects the one who uses it against injury (+AC on strike).
   It greatly protects you from fire.
   It insulates you from electricity.
   It protects you from negative energy.
   It affects your magic capacity (+9).
Missiles
 i - 161 bolts
 p - a throwing net (quivered)
 A - 9 tomahawks
 N - 8 javelins
Armour
 L - a +3 buckler of positive energy (worn)
Jewellery
 c - a +3 ring of protection (left tentacle)
 r - a ring of wizardry (on tentacle)
 s - a ring of wizardry (right tentacle)
 u - an uncursed ring of flight
 D - a ring of resist corrosion (on tentacle)
 H - the ring "Xifo" {+Blink rC+ MR- Dex+3}
   (You acquired it on level 10 of the Dungeon)

   [ring of dexterity]

   It affects your dexterity (+3).
   It protects you from cold.
   It affects your resistance to hostile enchantments.
   It lets you blink.
 I - an uncursed amulet of the gourmand
 O - a ring of stealth (on tentacle)
 Q - a +1 ring of protection (on tentacle)
 T - the ring of Midnight (on tentacle) {rC+++ rN++ MR- Int-2 Slay+2}
   (You acquired it on level 3 of the Lair of Beasts)

   [ring of slaying]

   It affects your intelligence (-2).
   It affects your accuracy and damage with ranged weapons and melee attacks
   (+2).
   It renders you almost immune to cold.
   It greatly protects you from negative energy.
   It affects your resistance to hostile enchantments.
 U - an uncursed ring of positive energy
 W - the amulet of Heresy (around mantle) {RegenMP Fragile MR++ Int+2}
   (You found it on level 3 of the Lair of Beasts)

   [amulet of magic regeneration]

   It increases your magic regeneration.
   It affects your intelligence (+2).
   It affects your resistance to hostile enchantments.
   It will be destroyed if unequipped.
 Y - the ring "Sinkont" (on tentacle) {rElec rPois rC+}
   (You acquired it on level 4 of the Lair of Beasts)

   [ring of poison resistance]

   It protects you from cold.
   It insulates you from electricity.
   It protects you from poison.
Wands
 k - a wand of flame (23)
 l - a wand of random effects (23)
 v - a wand of paralysis (7)
 z - a wand of digging (22)
 B - a wand of iceblast (5)
 F - a wand of enslavement (16)
Scrolls
 e - 2 scrolls of identify
 m - 6 scrolls of teleportation
 o - 3 scrolls of enchant armour
 t - 9 scrolls of remove curse
 x - 2 scrolls of noise
 y - a scroll of blinking
 G - 3 scrolls of amnesia
 V - 2 scrolls of magic mapping
Potions
 f - 3 potions of resistance
 g - 2 potions of might
 h - 2 potions of magic
 j - 5 potions of haste
 E - a potion of invisibility
 J - 2 potions of cancellation
 M - 2 potions of flight
Books
 a - a Young Poisoner's Handbook

   Spells                             Type                      Level
   a - Sting                          Conjuration/Poison           1
   b - Poisonous Vapours              Poison/Air                   2
   c - Mephitic Cloud                 Conjuration/Poison/Air       3
   d - Olgreb's Toxic Radiance        Poison                       4
   e - Venom Bolt                     Conjuration/Poison           5
 d - a manual of Crossbows
 P - Dunewk's First Steps in Hermeneutics
   (You found it on level 9 of the Dungeon)

   Spells                             Type                      Level
   a - Infusion                       Charms                       1
   b - Magic Dart                     Conjuration                  1
   c - Shock                          Conjuration/Air              1
   d - Animate Skeleton               Necromancy                   1
   e - Beastly Appendage              Transmutation                1
 R - a book of Transfigurations

   Spells                             Type                      Level
   a - Irradiate                      Conjuration/Transmutation    5
   b - Statue Form                    Transmutation/Earth          6
   c - Hydra Form                     Transmutation                6
   d - Dragon Form                    Transmutation                7
 S - Sif Muna's Catalogue of Dislocated Flight
   (Sif Muna gifted it to you on level 3 of the Lair of Beasts)

   Spells                             Type                      Level
   a - Swiftness                      Charms/Air                   2
   b - Gell's Gravitas                Translocation                3
   c - Force Lance                    Conjuration/Translocation    4
   d - Lightning Bolt                 Conjuration/Air              5
 X - a book of Frost

   Spells                             Type                      Level
   a - Freeze                         Ice                          1
   b - Throw Frost                    Conjuration/Ice              2
   c - Ozocubu's Armour               Charms/Ice                   3
   d - Throw Icicle                   Conjuration/Ice              4
   e - Summon Ice Beast               Ice/Summoning                4
Comestibles
 b - 21 rations
 Z - 11 chunks of flesh


   Skills:
 - Level 10.4 Dodging
 - Level 11.7 Stealth
 - Level 4.0 Shields
 - Level 10.0 Spellcasting
 + Level 7.2 Conjurations
 - Level 4.5 Charms
 - Level 4.6 Translocations
 + Level 7.0 Air Magic
 - Level 15.1 Poison Magic


You had 3 spell levels left.
You knew the following spells:

 Your Spells              Type           Power        Failure   Level  Hunger
a - Sting                 Conj/Pois      ####         1%          1    None
b - Poisonous Vapours     Pois/Air       ######       1%          2    None
c - Mephitic Cloud        Conj/Pois/Air  ######..     1%          3    None
d - Venom Bolt            Conj/Pois      ######....   1%          5    ####...
e - Olgreb's Toxic Radia  Pois           #######.     1%          4    #......
f - Shock                 Conj/Air       ####         1%          1    None
g - Swiftness             Chrm/Air       #####...     1%          2    None
h - Lightning Bolt        Conj/Air       ######....   3%          5    ####...
i - Gell's Gravitas       Tloc           #####.....   1%          3    None
j - Force Lance           Conj/Tloc      ######..     2%          4    #......


Dungeon Overview and Level Annotations

Branches:
Dungeon (12/15)            Temple (1/1) D:5            Lair (6/6) D:9
 Shoals (0/4) Lair:4        Snake (0/4) Lair:3        Slime (0/5) Lair:5
    Orc (2/2) D:9
    Elf: Orc:2

Altars:
Ashenzari
Cheibriados
Dithmenos
Elyvilon
Fedhas
Gozag
Hepliaklqana
Kikubaaqudgha
Makhleb
Nemelex Xobeh
Okawaru
Qazlal
Ru
Sif Muna
Trog
Uskayaw
Vehumet
Wu Jian
Xom
Yredelemnul
Zin
The Shining One

Shops:
D:4 !   D:10 [   Orc:1 [


Innate Abilities, Weirdness & Mutations

You cannot wear most types of armour.
You are very stealthy in the water. (Stealth+)
You are amphibious.
You can wear up to eight rings at the same time.
You can use your tentacles to constrict eight enemies at once.
Your skin changes colour to match your surroundings (Stealth+).
Your rubbery body absorbs attacks. (AC +1, EV +1)
You are partially covered in rugged brown scales. (AC +1, +3% HP)
Your mind is acute. (Int +2)
Your spells are a little harder to cast, but a little more powerful.
You expend magic power (3 MP) to strengthen your wands.


Message History

You are too berserk!
You feel a strong urge to attack something.
Your toxic aura wanes.
* * * LOW HITPOINT WARNING * * *
You feel sick.
You climb downwards. 2 yaks come into view.
* * * LOW HITPOINT WARNING * * *
You feel sick.
The yak bellows! x2; You hear a bellow!
The yak completely misses you. The yak closely misses you.
You riposte.
You slice the yak!!
Your weapon exudes an aura of protection.
You squeeze the yak!
You kill the yak!
Sif Muna accepts your kill.
A spiny frog comes into view.
There is a stone staircase leading up, spattered with blood here.
You feel your anger nearly subside.
You die...

.........P......
..
..Y..Y...........
..
.................
.
..................
.
......#.......##..
.....÷.......#....
<......÷÷.........
........<...PP....
.........@..H.....
..................
≈....≈..÷≈≈.≈...≈≈
#≈≈.#≈≈##≈≈.#P≈#.≈
.FP##≈≈ #≈≈## ≈..≈
≈≈≈≈≈≈≈ ≈≈≈≈≈ ≈≈P
≈≈P≈≈≈≈≈≈≈l≈#≈ ≈≈
≈#########.. # #


l≈P You could see a manticore, 2 yaks and a basilisk.

Vanquished Creatures
  5 hydras
  A centaur warrior (D:9)
  A two-headed ogre (D:10)
  10 death yaks
  An iron troll (D:9)
  A sea snake (Lair:5)
  An unseen horror (D:11)
  2 deep trolls (D:9)
  5 lindwurms
  2 oklob plants (Lair:5)
  A manticore (D:9)
  9 elephants
  3 black mambas
  A centaur zombie (D:11)
  Joseph (D:10)
  7 spiny frogs
  A gargoyle (D:9)
  6 komodo dragons
  10 trolls
  A meliai (D:9)
  A polar bear (Lair:4)
  Grinder (D:5)
  A meliai zombie (D:11)
  15 blink frogs
  9 hippogriffs
  19 yaks
  A spriggan (D:10)
  A basilisk (Lair:3)
  Edmund (D:5)
  4 nagas (Lair:3)
  7 water moccasins
  An acid dragon (D:9)
  5 porcupines
  3 ice beasts
  A necrophage (D:7)
  9 orc warriors
  4 sky beasts
  A phantom (D:6)
  13 wolves
  5 ogres
  10 centaurs
  7 crocodiles
  A big kobold (D:12)
  13 bullfrogs
  Blork the orc (D:5)
  A scorpion (D:8)
  4 howler monkeys
  3 electric eels (D:9)
  4 crimson imps
  2 bullfrog zombies (D:9)
  A bullfrog skeleton (D:9)
  3 jellies
  2 orc priests (D:5)
  7 hounds
  19 orc wizards
  2 centaur skeletons
  3 iguanas
  5 worker ants
  2 hound zombies
  10 adders
  A howler monkey skeleton (D:4)
  A river rat (Sewer)
  2 shadow imps
  3 oozes
  2 adder skeletons
  A worm (D:3)
  2 dart slugs (D:1)
  9 leopard geckos
  36 orcs
  6 ball pythons
  7 giant cockroaches
  4 goblins
  4 hobgoblins
  11 jackals
  2 quokkas
  A ball python skeleton (D:4)
  16 bats
  24 frilled lizards
  14 kobolds
  A leopard gecko skeleton (D:4)
  A leopard gecko zombie (D:6)
  14 rats
  2 plants
435 creatures vanquished.

Vanquished Creatures (collateral kills)
  An oklob plant (Lair:5)
  A bullfrog (Lair:5)
  A plant (Lair:5)
3 creatures vanquished.

Vanquished Creatures (others)
  A water moccasin (Lair:2)
  2 fungi (Lair:4)
  11 plants
14 creatures vanquished.

Grand Total: 452 creatures vanquished

Notes
Turn   | Place    | Note
-------+----------+-------------------------------------------
     0 | D:1      | Inus the Octopode Venom Mage began the quest for the Orb.
     0 | D:1      | Reached XP level 1. HP: 11/11 MP: 3/3
    99 | D:1      | Reached skill level 4 in Poison Magic
   200 | D:1      | Reached XP level 2. HP: 17/17 MP: 5/5
   210 | D:1      | Learned a level 2 spell: Poisonous Vapours
   418 | D:1      | Reached skill level 5 in Poison Magic
   418 | D:1      | Reached XP level 3. HP: 20/21 MP: 6/6
   678 | D:1      | Learned a level 3 spell: Mephitic Cloud
   917 | D:2      | Reached XP level 4. HP: 16/27 MP: 7/7
  1141 | D:2      | Reached skill level 6 in Poison Magic
  1606 | D:3      | Found a snail-covered altar of Cheibriados.
  1640 | D:3      | Found a white marble altar of Elyvilon.
  1832 | D:3      | Reached XP level 5. HP: 27/31 MP: 1/8
  1854 | D:3      | Found a glowing drain.
  1881 | Sewer    | Entered a sewer
  2089 | Sewer    | Reached skill level 7 in Poison Magic
  2415 | D:3      | Found a radiant altar of Vehumet.
  2864 | D:3      | Found an ancient bone altar of Kikubaaqudgha.
  3279 | D:4      | Found an opulent altar of Gozag.
  3294 | D:4      | Reached XP level 6. HP: 31/36 MP: 3/9
  3344 | D:4      | Found Maymeymu's Distillery.
  3365 | D:4      | Bought a potion of mutation for 80 gold pieces
  3365 | D:4      | Gained mutation: Your spells are a little harder to cast, but a little more powerful. [potion of mutation]
  3365 | D:4      | Gained mutation: You are partially covered in rugged brown scales. (AC +1, +3% HP) [potion of mutation]
  3365 | D:4      | Gained mutation: You expend magic power (3 MP) to strengthen your wands. [potion of mutation]
  3365 | D:4      | Gained mutation: Your mind is acute. (Int +2) [potion of mutation]
  3422 | D:4      | Found an iron altar of Okawaru.
  3428 | D:4      | Reached skill level 8 in Poison Magic
  3555 | D:4      | Found a shadowy altar of Dithmenos.
  4437 | D:5      | Entered Level 5 of the Dungeon
  4503 | D:5      | Found a staircase to the Ecumenical Temple.
  4563 | Temple   | Entered the Ecumenical Temple
  4678 | D:5      | Noticed Edmund
  4695 | D:5      | Reached skill level 9 in Poison Magic
  4708 | D:5      | Killed Edmund
  4708 | D:5      | Reached XP level 7. HP: 39/42 MP: 3/10
  4870 | D:5      | Reached skill level 10 in Poison Magic
  4900 | D:5      | Noticed Blork the orc
  4909 | D:5      | Killed Blork the orc
  4909 | D:5      | Reached skill level 1 in Air Magic
  5204 | D:5      | Reached XP level 8. HP: 47/47 MP: 4/11
  5358 | D:5      | Noticed Grinder
  5377 | D:5      | Killed Grinder
  5451 | D:5      | Learned a level 5 spell: Venom Bolt
  6268 | D:6      | Noticed a hippogriff
  6273 | D:6      | Killed a hippogriff
  6273 | D:6      | Reached skill level 5 in Spellcasting
  6551 | D:6      | Reached XP level 9. HP: 43/52 MP: 9/17
  6931 | D:7      | Found a shimmering altar of Xom.
  7053 | D:7      | Found a sparkling altar of Nemelex Xobeh.
  7122 | D:7      | Found an ornate altar of the Wu Jian Council.
  8548 | D:8      | Found an opulent altar of Gozag.
  8560 | D:8      | Found a stormy altar of Qazlal.
  8560 | D:8      | Found a white marble altar of Elyvilon.
  8563 | D:8      | Found a deep blue altar of Sif Muna.
  8573 | D:8      | Became a worshipper of Sif Muna the Loreminder
  8585 | D:8      | Identified a scroll of acquirement
  8600 | D:8      | Learned a level 4 spell: Olgreb's Toxic Radiance
  8966 | D:9      | Found a glowing silver altar of Zin.
  9027 | D:9      | Reached * piety under Sif Muna
  9033 | D:9      | Reached XP level 10. HP: 44/55 MP: 9/23
  9500 | D:9      | Found a staircase to the Lair.
  9503 | D:9      | Reached skill level 10 in Spellcasting
  9665 | D:9      | Noticed a deep troll
  9679 | D:9      | Noticed a deep troll
  9681 | D:9      | Reached skill level 5 in Stealth
  9684 | D:9      | Noticed an iron troll
  9697 | D:9      | Killed a deep troll
  9881 | D:9      | Killed a deep troll
  9881 | D:9      | Reached skill level 10 in Stealth
  9882 | D:9      | Killed an iron troll
  9882 | D:9      | Reached XP level 11. HP: 62/62 MP: 21/25
 10086 | D:9      | Noticed a centaur warrior
 10086 | D:9      | Noticed a manticore
 10086 | D:9      | Noticed a six-headed hydra
 10165 | D:9      | Found a staircase to the Orcish Mines.
 10626 | Orc:1    | Entered Level 1 of the Orcish Mines
 11851 | Orc:1    | Found Nogi's Antique Armour Shop.
 11968 | Orc:2    | Entered Level 2 of the Orcish Mines
 11975 | Orc:2    | Noticed an orc high priest
 12483 | Orc:1    | Reached skill level 5 in Dodging
 12487 | Orc:1    | Reached ** piety under Sif Muna
 12693 | Lair:1   | Entered Level 1 of the Lair of Beasts
 12699 | Lair:1   | Got a flickering pewter amulet
 12703 | Lair:1   | Identified the amulet "Omeicuef" {Faith rElec rF+ MR- SInv} (You found it on level 1 of the Lair of Beasts)
 13370 | D:10     | Entered Level 10 of the Dungeon
 13370 | D:10     | Noticed Joseph
 13498 | D:10     | Noticed a lindwurm
 13500 | D:10     | Noticed a lindwurm
 13501 | D:10     | Noticed a lindwurm
 13513 | D:10     | Killed a lindwurm
 13519 | D:10     | Killed a lindwurm
 13528 | D:10     | Killed a lindwurm
 13573 | D:10     | Noticed a lindwurm
 13591 | D:10     | Killed a lindwurm
 13834 | D:10     | Got a crude copper ring
 13835 | D:10     | Identified the ring "Xifo" {+Blink rC+ MR- Dex+3} (You acquired it on level 10 of the Dungeon)
 14065 | D:10     | Killed Joseph
 14182 | D:10     | Found Utem Yqi's Armour Shop.
 14462 | D:10     | Noticed a two-headed ogre
 14475 | D:10     | Killed a two-headed ogre
 14475 | D:10     | Reached XP level 12. HP: 67/67 MP: 0/26
 15496 | D:11     | Reached skill level 10 in Dodging
 15953 | D:11     | Got a crude scimitar
 15955 | D:11     | Identified the +4 scimitar of Blind Justice {protect, rElec rF++ rN+ MP+9} (You found it on level 11 of the Dungeon)
 16336 | D:11     | Reached *** piety under Sif Muna
 16336 | D:11     | Reached skill level 11 in Poison Magic
 16868 | D:10     | Bought a +2 buckler of positive energy for 296 gold pieces
 17246 | Lair:1   | Reached skill level 1 in Shields
 18168 | Lair:2   | Noticed a seven-headed hydra
 18199 | Lair:1   | Killed a seven-headed hydra
 18425 | Lair:2   | Reached skill level 12 in Poison Magic
 18619 | Lair:2   | Noticed a five-headed hydra
 18625 | Lair:2   | Reached **** piety under Sif Muna
 18873 | Lair:2   | Reached skill level 13 in Poison Magic
 19144 | Lair:2   | Killed a five-headed hydra
 19578 | Lair:2   | Reached XP level 13. HP: 72/73 MP: 12/27
 19898 | Lair:2   | Reached skill level 14 in Poison Magic
 20774 | D:9      | Reached ***** piety under Sif Muna
 20774 | D:9      | Reached skill level 15 in Poison Magic
 21010 | D:9      | Identified Dunewk's First Steps in Hermeneutics
 21019 | D:9      | Learned a level 1 spell: Shock
 21303 | Lair:3   | Identified Sif Muna's Catalogue of Dislocated Flight (Sif Muna gifted it to you on level 3 of the Lair of Beasts)
 21303 | Lair:3   | Received a gift from Sif Muna
 21308 | Lair:3   | Learned a level 2 spell: Swiftness
 21314 | Lair:3   | Learned a level 5 spell: Lightning Bolt
 21318 | Lair:3   | Learned a level 3 spell: Gell's Gravitas
 21323 | Lair:3   | Learned a level 4 spell: Force Lance
 21416 | Lair:3   | Reached skill level 1 in Charms
 21416 | Lair:3   | Reached skill level 1 in Translocations
 21907 | Lair:3   | Found a staircase to the Snake Pit.
 21939 | Lair:3   | Got a brightly glowing steel amulet
 21941 | Lair:3   | Got a wavering bone ring
 21942 | Lair:3   | Identified the ring of Midnight {rC+++ rN++ MR- Int-2 Slay+2} (You acquired it on level 3 of the Lair of Beasts)
 21949 | Lair:3   | Learned a level 4 spell: Olgreb's Toxic Radiance
 21949 | Lair:3   | Identified the amulet of Heresy {RegenMP Fragile MR++ Int+2} (You found it on level 3 of the Lair of Beasts)
 22986 | Lair:4   | Got a brightly glowing iron amulet
 22987 | Lair:4   | Identified the amulet of Qeurop {Faith rF+ SInv} (You found it on level 4 of the Lair of Beasts)
 23697 | Lair:4   | Found a staircase to the Shoals.
 23814 | Lair:4   | Got a sparkling bone ring
 23815 | Lair:4   | Identified the ring "Sinkont" {rElec rPois rC+} (You acquired it on level 4 of the Lair of Beasts)
 24142 | Lair:5   | Reached skill level 5 in Conjurations
 24142 | Lair:5   | Reached skill level 5 in Air Magic
 24237 | Lair:5   | Reached XP level 14. HP: 69/78 MP: 20/28
 24803 | Lair:5   | Found a staircase to the Slime Pits.
 25354 | Lair:6   | Entered Level 6 of the Lair of Beasts
 27014 | Lair:5   | HP: 5/117 [poisoned by a sea snake]
 27016 | Lair:6   | HP: 1/117 [poisoned by a sea snake]
 27017 | Lair:6   | Succumbed to a sea snake's poison

Vault maps used:
D:1:      saegor_arrival_under_anarchy
D:2:      minmay_lizard_pond
D:3:      kiku_gazebo_pond_becter, cheibriados_altar_1,
          nicolae_overflow_hidden_temple, gup_sewer_entry_bowl, elyvilon_altar_5
D:4:      okawaru_metal_pillars_3, nicolae_dithmenos_shadow_blocks,
          first_ration, serial_shops, nicolae_shop_competitors_out_of_business,
          grunt_gozag_statues
D:5:      temple_pool_b, uniq_edmund, uniq_grinder, uniq_blork_the_orc
D:7:      old_standard_altar, kennysheep_mini_moat,
          nemelex_xobeh_ov_fountains_minmay
D:8:      grunt_temple_overflow_open
D:9:      lemuel_troll_bridge, lair_entry_dummy, basic_altar, minivault_12
D:10:     serial_shops, shop, the_bakery, grunt_ministairs_2,
          minmay_lindwurm_lava, uniq_joseph
D:12:     pond
Temple:   cyrus_temple_forest
Lair:1:   serial_bayou_lagoon_a
Lair:3:   minmay_snake_entry_guardpost_small
Lair:4:   minmay_shoals_entry_centaurs
Lair:5:   dpeg_slime_entry_corner, grunt_megastairs_4, minmay_lair_oklob_chamber
Lair:6:   gammafunk_lair_ancient_temple
Orc:1:    serial_shops, shop
Orc:2:    grunt_orc_gardens, grunt_orc_garden, grunt_orc_garden,
          grunt_orc_garden, grunt_orc_garden, lab_entry_generic
Sewer:    sewer_co_cracked_pipes

Skill      XL: |  1  2  3  4  5  6  7  8  9 10 11 12 13 14 |
---------------+-------------------------------------------+-----
Poison Magic   | 4 5 6 7 9 10 13 15 | 15.1
Air Magic      | 2 3 5 7 |  7.0
Conjurations   | 2 3 5 7 |  7.2
Spellcasting   | 5 9 10 | 10.0
Stealth        | 11 | 11.7
Dodging        | 9 10 | 10.4
Shields        | 4 |  4.0
Charms         | 4 |  4.5
Translocations | 4 |  4.6

Action                   |  1- 3 |  4- 6 |  7- 9 | 10-12 | 13-15 || total
-------------------------+-------+-------+-------+-------+-------++-------
Melee: Club              |     9 |       |       |       |       ||     9
       Constrict         |    20 |    24 |    21 |    21 |    13 ||    99
       Hand axe          |    22 |       |       |       |       ||    22
       Unarmed           |     2 |       |       |       |       ||     2
       Tentacles         |     9 |     9 |    16 |    23 |    15 ||    72
       Short sword       |    39 |   116 |    61 |       |       ||   216
       War axe           |       |       |    53 |    69 |       ||   122
       Scimitar          |       |       |       |    32 |    62 ||    94
 Fire: Hand crossbow     |       |    14 |    17 |    24 |       ||    55
 Cast: Sting             |     6 |     8 |     9 |    27 |     2 ||    52
       Poisonous Vapours |     3 |    35 |    60 |   110 |    32 ||   240
       Venom Bolt        |       |       |     8 |    24 |    21 ||    53
       Mephitic Cloud    |       |       |     2 |    31 |    21 ||    54
       Olgreb's Toxic Ra |       |       |     3 |    68 |    63 ||   134
       Lightning Bolt    |       |       |       |       |    37 ||    37
       Gell's Gravitas   |       |       |       |       |    20 ||    20
       Shock             |       |       |       |       |    11 ||    11
       Force Lance       |       |       |       |       |    13 ||    13
       Swiftness         |       |       |       |       |     4 ||     4
Evoke: Wand              |       |       |       |     8 |    36 ||    44
  Use: Scroll            |       |    11 |     6 |    16 |    18 ||    51
       Potion            |       |     3 |     8 |     7 |     6 ||    24
 Stab: Sleeping          |     8 |    14 |     4 |     4 |       ||    30
       Confused          |       |       |     1 |     3 |       ||     4
       Paralysed         |       |       |       |       |     4 ||     4
       Distracted        |       |       |       |       |     1 ||     1
  Eat: Chunk             |       |    14 |    14 |    17 |     5 ||    50
       Ration            |       |       |     1 |     6 |     9 ||    16
Armor: Skin              |    24 |    32 |    32 |    28 |    18 ||   134
Dodge: Dodged            |    60 |    76 |    82 |   155 |    93 ||   466
Block: Buckler           |       |       |       |     8 |    57 ||    65
       Rpst.: Scimitar   |       |       |       |    11 |    21 ||    32

Table legend:
 A = Spawn XP
 B = Non-spawn XP
 C = Spawn XP percentage of total XP
 D = Spawn monster count
 E = Non-spawn monster count
 F = Spawn count percentage of total count
 G = Total turns spent on level
                    A         B        C        D         E        F      G
               +---------+---------+-------+---------+---------+-------+---------
         Total |       0 |   63876 |   0.0 |       0 |     435 |   0.0 | 27017
               +---------+---------+-------+---------+---------+-------+---------
           D:1 |       0 |      47 |   0.0 |       0 |      26 |   0.0 |   715
           D:2 |       0 |     103 |   0.0 |       0 |      44 |   0.0 |   890
           D:3 |       0 |      86 |   0.0 |       0 |      20 |   0.0 |  1323
           D:4 |       0 |     127 |   0.0 |       0 |      13 |   0.0 |  1179
           D:5 |       0 |    1269 |   0.0 |       0 |      23 |   0.0 |  1520
           D:6 |       0 |     772 |   0.0 |       0 |      20 |   0.0 |   618
           D:7 |       0 |     799 |   0.0 |       0 |      13 |   0.0 |  1354
           D:8 |       0 |     620 |   0.0 |       0 |      10 |   0.0 |   944
           D:9 |       0 |    9929 |   0.0 |       0 |      45 |   0.0 |  3622
          D:10 |       0 |    4410 |   0.0 |       0 |      21 |   0.0 |  1734
          D:11 |       0 |    3201 |   0.0 |       0 |      33 |   0.0 |  1213
          D:12 |       0 |     708 |   0.0 |       0 |      10 |   0.0 |   268
        Lair:1 |       0 |    6030 |   0.0 |       0 |      28 |   0.0 |  1987
        Lair:2 |       0 |    6624 |   0.0 |       0 |      24 |   0.0 |  1909
        Lair:3 |       0 |    9581 |   0.0 |       0 |      25 |   0.0 |  1368
        Lair:4 |       0 |    4442 |   0.0 |       0 |      16 |   0.0 |  1741
        Lair:5 |       0 |   10437 |   0.0 |       0 |      23 |   0.0 |  2476
        Lair:6 |       0 |    3033 |   0.0 |       0 |      11 |   0.0 |   173
         Orc:1 |       0 |    1607 |   0.0 |       0 |      17 |   0.0 |  1545
         Sewer |       0 |      51 |   0.0 |       0 |      13 |   0.0 |   330
               +---------+---------+-------+---------+---------+-------+---------
